 Dungeon Crawl Stone Soup version 0.18-a0-23-g19353e1 (webtiles) character file.

227 radek the Conjurer (level 5, -5/28 HPs)
             Began as a Deep Elf Conjurer on Nov 2, 2015.
             Slain by an iguana (10 damage)
             ... on level 3 of the Dungeon.
             The game lasted 00:08:17 (3949 turns).

radek the Conjurer (Deep Elf Conjurer)              Turns: 3949, Time: 00:08:17

Health: -5/28      AC:  9    Str:  6    XL:     5   Next: 70%
Magic:  9/11       EV: 13    Int: 20    God:
Gold:   189        SH:  0    Dex: 15    Spells: 2 memorised, 4 levels left

rFire  + . .     SeeInvis .     A - +1 war axe (freeze)
rCold  . . .     Clarity  .     v - +2 robe {rF+}
rNeg   . . .     SustAt   .     (no shield)
rPois  +         Gourm    .     (no helmet)
rElec  .         Spirit   .     r - +2 cloak {rPois}
rCorr  .         Warding  .     (no gloves)
rMut   .         Stasis   .     l - +1 pair of boots
MR     .....                    (no amulet)
Stlth  ++........               (no ring)
                                (no ring)

@: not resistant to hostile enchantments, unstealthy
A: no striking features
a: no special abilities


You were on level 3 of the Dungeon.
You were hungry.

You visited 1 branch of the dungeon, and saw 4 of its levels.

You collected 189 gold pieces.

Inventory:

Hand Weapons
 c - a +1 mace of venom
 g - a +0 dagger
 A - a +1 war axe of freezing (weapon)
Armour
 a - a +0 robe
 l - a +1 pair of boots (worn)
 r - a +2 cloak of poison resistance (worn)
 v - a +2 robe of fire resistance (worn)
Jewellery
 j - a +4 ring of protection {unknown}
 D - an uncursed ring of stealth {unknown}
Wands
 x - a wand of enslavement (10)
Scrolls
 k - a scroll of blinking {unknown}
 n - 3 scrolls of enchant weapon {unknown}
 p - 4 scrolls of teleportation {unknown}
 q - 4 scrolls of identify {unknown}
 u - a scroll of noise {unknown}
 y - a scroll of fear {unknown}
Potions
 d - a potion of flight {unknown}
 e - 2 potions of invisibility {unknown}
 f - a potion of haste {unknown}
 h - a potion of degeneration {unknown}
 m - a potion of might {unknown}
 o - 2 potions of curing {unknown}
 s - a potion of poison {unknown}
 t - a potion of mutation {unknown}
 z - a potion of heal wounds {unknown}
 E - a potion of lignification {unknown}
Books
 b - a book of Conjurations

   Spells                             Type                      Level
   a - Magic Dart                     Conjuration                  1
   b - Searing Ray                    Conjuration                  2
   c - Dazzling Spray                 Conjuration/Hexes            3
   d - Fulminant Prism                Conjuration/Hexes            4
   e - Iskenderun's Mystic Blast      Conjuration                  4
   f - Iskenderun's Battlesphere      Conjuration/Charms           5
Comestibles
 i - 4 meat rations
 w - a bread ration
 B - 3 fruits
 C - a chunk of flesh


   Skills:
 - Level 2.4 Dodging
 - Level 2.4 Stealth
 - Level 3.0 Spellcasting
 - Level 6.9 Conjurations
 * Level 4.0 Charms


You had 4 spell levels left.
You knew the following spells:

 Your Spells              Type           Power        Failure   Level  Hunger
a - Magic Dart            Conj           ####         1%          1    None
b - Iskenderun's Battles  Conj/Chrm      ####....     45%         5    ######.


Dungeon Overview and Level Annotations

Branches:
Dungeon (4/15)
 Temple: D:4-7

Altars:
Cheibriados
Dithmenos


Message History

The iguana is moderately wounded.
The iguana barely misses you.
Casting: Magic Dart
Confirm with . or Enter, or press ? or * to list all spells.
Aiming: Magic Dart
Press: ? - help, Shift-Dir - straight line, f - iguana
Aim: an iguana (moderately wounded, slow)
The magic dart hits the iguana.
The iguana is heavily wounded.
The iguana is no longer moving slowly.
The iguana bites you.
* * * LOW HITPOINT WARNING * * *
Casting: Magic Dart
Confirm with . or Enter, or press ? or * to list all spells.
Aiming: Magic Dart
Press: ? - help, Shift-Dir - straight line, f/p - iguana
Aim: an iguana (heavily wounded)
The magic dart hits the iguana.
The iguana is heavily wounded.
The iguana bites you!
You die...

.....# #.# ##.....#.# ##.###
##'## #........# #.# ##...##
#<##.###.##### #.###
##.....###.##.....)...#
#.#.##
##.......##.##..##.###.#
##....####.........#.##.....#
#.#
.........'.........'........#
#.#
##....####.......(.#.##...#.#
#.# #.#.##
##.....@.##.##..##.###.#
#.### ##....l###............#
#.# ##...## #####.########
##.# ##'## #.# #§§## #.# #.#
#§..# #####.# #.# #._.#
#...#.## #.# #.§.# #......##
#.# #.#.# ####.......# #.#


You could see an iguana.

Vanquished Creatures
  A hound (D:4)
  2 orc wizards (D:4)
  5 adders (D:2)
  An ooze (D:3)
  3 worms
  2 giant geckos (D:2)
  6 orcs
  2 ball pythons
  10 bats
  3 giant cockroaches
  7 hobgoblins
  2 jackals (D:3)
  13 kobolds
  3 giant newts
  11 goblins
  9 rats
80 creatures vanquished.

Notes
Turn   | Place    | Note
--------------------------------------------------------------
     0 | D:1      | radek the Deep Elf Conjurer began the quest for the Orb.
     0 | D:1      | Reached XP level 1. HP: 10/10 MP: 6/6
   377 | D:1      | Reached XP level 2. HP: 15/15 MP: 4/8
   449 | D:1      | Reached skill level 5 in Conjurations
  1105 | D:2      | Reached XP level 3. HP: 13/19 MP: 1/9
  1995 | D:2      | Reached skill level 6 in Conjurations
  2086 | D:2      | Reached XP level 4. HP: 24/24 MP: 4/10
  2312 | D:2      | Found a snail-covered altar of Cheibriados.
  2561 | D:3      | Found a shadowy altar of Dithmenos.
  3254 | D:3      | Reached XP level 5. HP: 28/28 MP: 8/11
  3261 | D:3      | Learned a level 5 spell: Iskenderun's Battlesphere
  3924 | D:4      | Noticed an ogre
  3949 | D:3      | Slain by an iguana

Vault maps used:
D:1:      lemuel_arrival_room
D:2:      serial_curves, eino_curves_03, eino_curves_03, eino_curves_02,
          eino_curves_02, cheibriados_altar_1
D:3:      first_bread, grunt_dithmenos_smoke
D:4:      portal_sewer_entry_f

Action                   |  1- 3 |  4- 6 || total
-------------------------+-------+-------++-------
Melee: Unarmed           |     7 |       ||     7
       Dagger            |     1 |       ||     1
       War axe           |       |     2 ||     2
 Cast: Magic Dart        |   103 |    96 ||   199
  Eat: Chunk             |     3 |     1 ||     4
       Bread ration      |       |     1 ||     1
